 Dungeon Crawl Stone Soup version 0.18-a0-1782-gb76a692 (webtiles) character file.

21 Ijustatesigmund the Chucker (level 2, -8/28 HPs)
             Began as a Troll Hunter on Apr 17, 2016.
             Mangled by Sigmund
             ... wielding a +0 scythe
              (14 damage)
             ... on level 2 of the Dungeon.
             The game lasted 00:02:17 (724 turns).

Ijustatesigmund the Chucker (Troll Hunter)           Turns: 724, Time: 00:02:18

Health: -8/28      AC:  5    Str: 19    XL:     2   Next: 62%
Magic:  1/1        EV:  9    Int:  7    God:
Gold:   39         SH:  0    Dex:  4    Spells: 0 memorised, 1 level left

rFire  . . .     SeeInvis .       - Unarmed
rCold  . . .     Gourm    +     b - +0 robe
rNeg   . . .     Faith    .     (no shield)
rPois  .         Spirit   .     (helmet restricted)
rElec  .         Dismiss  .     (no cloak)
rCorr  .         Reflect  .     (gloves unavailable)
SustAt .         Harm     .     (boots unavailable)
MR     .....                    i - amulet of inaccuracy (curse)
Stlth  +.........               (no ring)
                                m - -6 ring of dexterity (curse)

@: exhausted, slowed, very slow, not resistant to hostile enchantments, very
unstealthy
A: unfitting armour, claws 3, fast metabolism 3, gourmand, regeneration 2,
shaggy fur 1, tough skin 2
a: no special abilities


You were on level 2 of the Dungeon.
You were not hungry.

You visited 1 branch of the dungeon, and saw 2 of its levels.

You collected 39 gold pieces.

Inventory:

Missiles
 d - 2 throwing nets (quivered)
Armour
 b - a +0 robe (worn)
Jewellery
 g - an uncursed amulet of magic regeneration
 i - a cursed amulet of inaccuracy (around neck)
 m - a cursed -6 ring of dexterity (left claw)
Scrolls
 e - a scroll of blinking
 k - a scroll of amnesia
Potions
 a - 2 potions of flight {unknown}
 h - a potion of heal wounds
 l - a potion of mutation
Comestibles
 f - 2 bread rations


   Skills:
 + Level 2.0 Fighting
 - Level 3.6 Throwing
 - Level 1.5 Dodging
 - Level 0.4 Stealth
 + Level 1.7 Unarmed Combat


You had one spell level left.
You didn't know any spells.

Dungeon Overview and Level Annotations

Branches:
Dungeon (2/15)

Altars:

Annotations:
D:2 Sigmund


Innate Abilities, Weirdness & Mutations

You are too large for most types of armour.
You have claws for hands.
Your metabolism is lightning-fast.
You like to eat raw meat.
You heal very quickly.
You are covered in fur (AC +1).
You have very tough skin (AC +2).


Message History

You completely miss something. Something hits you.
You barely miss something. The dart slug launches a dart at you.
The slug dart hits something.
You closely miss something.
You are no longer berserk.
You are exhausted.
You feel yourself slow down.
You claw something! Something hits you.
You miss something. Something hits you but does no damage.
The dart slug launches a dart at you.
The slug dart hits something.
You barely miss something. Something hits you.
You closely miss something. Something hits you!
* * * LOW HITPOINT WARNING * * *
The dart slug launches a dart at you. The slug dart hits you!
You closely miss something. Something hits you!
Ouch! That really hurt!
You die...

#..... #####..#.#
.......#.##
.......#..
.......>%###
....(.(....
......w..########..
..(...{@.(.<......#
.......##########..
.(....# ......
#.### #


You could see a dart slug.

Vanquished Creatures
  2 giant geckos (D:1)
  A ball python (D:2)
  A giant cockroach (D:1)
  3 goblins
  3 hobgoblins
  2 kobolds (D:1)
  2 bats (D:1)
  2 giant newts (D:1)
  A rat (D:1)
17 creatures vanquished.

Notes
Turn   | Place    | Note
--------------------------------------------------------------
     0 | D:1      | Ijustatesigmund the Troll Hunter began the quest for the Orb.
     0 | D:1      | Reached XP level 1. HP: 19/19 MP: 0/0
    82 | D:1      | Reached skill level 1 in Unarmed Combat
   141 | D:1      | Reached XP level 2. HP: 27/28 MP: 1/1
   706 | D:2      | Noticed Sigmund
   724 | D:2      | Mangled by Sigmund

Vault maps used:
D:1:      dpeg_arrival_sounds_slurp
D:2:      minmay_statues_item, kennysheep_potato, uniq_sigmund

Skill      XL: |  1  2 |
---------------+-------+-----
Unarmed Combat | 1 |  1.7
Fighting       | 2 |  2.0
Throwing       | |  3.6
Dodging        | |  1.5
Stealth        | |  0.4

Action                   || total
-------------------------++-------
Melee: Unarmed           ||    70
Throw: Large rock        ||     5
  Use: Scroll            ||     6
       Potion            ||     1
  Eat: Chunk             ||     8
Armor: Robe              ||    14
Dodge: Dodged            ||    27
